 Dungeon Crawl Stone Soup version 0.26-a0-651-gb41185065b (webtiles) character file.

Game seed: 6961468150857455595

23681 Irenicus the Earth Mage (level 12, -15/88 HPs)
             Began as a Deep Dwarf Earth Elementalist on Oct 12, 2020.
             Was the Champion of Makhleb.
             Demolished by an ettin
             ... wielding a +0 dire flail
              (39 damage)
             ... while paralysed by an orc sorcerer
             ... on level 2 of the Orcish Mines.
             The game lasted 00:58:22 (6622 turns).

Irenicus the Earth Mage (DDEE)                      Turns: 6622, Time: 00:58:22

Health: -15/88     AC: 22    Str: 12    XL:     12   Next: 74%
Magic:  26/26      EV:  2    Int: 26    God:    Makhleb [******]
Gold:   1291       SH:  0    Dex: 13    Spells: 19/34 levels left

rFire    + . .     SeeInvis .   D - +1 quarterstaff of the Owl {vorpal, *Noise rElec rF+ rN+++} (curse)
rCold    . . .     Faith    .   (shield currently unavailable)
rNeg     + + +     Spirit   .   d - +1 chain mail of the Old World {Int+5}
rPois    .         Reflect  .   e - +2 hat
rElec    +         Harm     .   C - +0 cloak
rCorr    .         Rampage  .   y - +0 pair of gloves
MR       +....                  w - +0 pair of boots
Stlth    ..........             a - amulet of magic regeneration
HPRegen  0.00/turn              E - +4 ring of evasion
MPRegen  0.45/turn              z - +4 ring of protection

@: paralysed, non-regenerating
A: damage resistance, heal wounds, sense surroundings 2, no regeneration
a: Heal Wounds, Minor Destruction, Lesser Servant of Makhleb, Major Destruction,
Greater Servant of Makhleb, Renounce Religion


You were on level 2 of the Orcish Mines.
You worshipped Makhleb.
Makhleb was exalted by your worship.
You visited 2 branches of the dungeon, and saw 14 of its levels.

You collected 1330 gold pieces.
You spent 39 gold pieces at shops.

Inventory:

Hand Weapons
 j - a +3 dagger of electrocution
   (You took it off an orc wizard on level 6 of the Dungeon)
 D - the cursed +1 quarterstaff of the Owl (weapon) {vorpal, *Noise rElec rF+ rN+++}
   (You found it on level 5 of the Dungeon)

   It inflicts extra damage upon your enemies.
   It protects you from fire.
   It insulates you from electricity.
   It renders you almost immune to negative energy.
   It may make noises in combat.
   It has a curse placed upon it.
 H - the +10 short sword of Riefie {freeze, rElec rC- Str+6}
   (You found it on level 6 of the Dungeon)

   It has been specially enchanted to freeze those struck by it, causing extra
   injury to most foes and up to half again as much damage against particularly
   susceptible opponents.
   It can also slow down cold-blooded creatures.
   It affects your strength (+6).
   It makes you vulnerable to cold.
   It insulates you from electricity.
Missiles
 b - 31 stones (quivered)
Armour
 d - the +1 chain mail of the Old World (worn) {Int+5}
   (You found it on level 8 of the Dungeon)

   It affects your intelligence (+5).
 e - a +2 hat (worn)
   (You found it on level 1 of the Dungeon)
 s - a +0 ring mail
   (You found it on level 2 of the Dungeon)
 w - a +0 pair of boots (worn)
   (You found it on level 4 of the Dungeon)
 y - a +0 pair of gloves (worn)
   (You found it on level 4 of the Dungeon)
 C - a +0 cloak (worn)
   (You found it on level 6 of the Dungeon)
 L - a scarf of invisibility
   (You found it on level 12 of the Dungeon)
Jewellery
 a - an amulet of magic regeneration (around neck)
   (You found it on level 1 of the Dungeon)
 k - an uncursed ring of ice {rC+, rF-}
   (You found it on level 2 of the Dungeon)
 r - an uncursed amulet of the acrobat
   (You found it on level 2 of the Dungeon)
 x - an uncursed ring of stealth {Stlth+}
   (You found it on level 4 of the Dungeon)
 z - a +4 ring of protection (right hand)
   (You found it on level 4 of the Dungeon)
 A - an uncursed ring of protection from fire {rF+, !d}
   (You found it on level 4 of the Dungeon)
 E - a +4 ring of evasion (left hand)
   (You found it on level 6 of the Dungeon)
Wands
 v - a wand of digging (1)
   (You found it on level 9 of the Dungeon)
 B - a wand of iceblast (3)
   (You found it on level 12 of the Dungeon)
Scrolls
 c - 6 scrolls of blinking {!r}
 i - 5 scrolls of fear
 l - 4 scrolls of enchant weapon
 m - 5 scrolls of magic mapping {!r}
 p - 3 scrolls of immolation {!r}
 t - 4 scrolls of enchant armour {unknown}
 G - 6 scrolls of remove curse
 J - 3 scrolls of identify
 K - 2 scrolls of teleportation
Potions
 f - 2 potions of flight
 g - a potion of resistance
 n - a potion of cancellation
 o - 3 potions of mutation {!q}
 q - 2 potions of brilliance
 u - 2 potions of haste
 F - 4 potions of curing
 I - 3 potions of heal wounds


   Skills:
 - Level 8.7 Armour
 - Level 2.1 Dodging
 - Level 2.4 Stealth
 + Level 11.8 Spellcasting
 - Level 2.0 Conjurations
 - Level 2.2 Transmutations
 + Level 17.4 Earth Magic


You had 19 spell levels left.
You knew the following spells:

 Your Spells              Type           Power        Failure   Level
a - Sandblast             Erth           ######       1%          1
c - Petrify               Tmut/Erth      ######..     16%         4
w - Passwall              Tmut/Erth      ######..     2%          2
x - Stone Arrow           Conj/Erth      ######       4%          3
z - Lee's Rapid Deconstr  Erth           #######...   1%          5

Your spell library contained the following spells:

 Spells                   Type           Power        Failure   Level
 Confusing Touch          Hex            ###.....     95%         3
 Gell's Gravitas          Tloc           ###.......   95%         3
 Metabolic Englaciation   Hex/Ice        ###.......   100%        5
 Yara's Violent Unravell  Hex/Tmut       ###.......   100%        5


Dungeon Overview and Level Annotations

Branches:
Dungeon (12/15)            Temple (0/1) D:5            Lair (0/6) D:8
    Orc (2/2) D:12
    Elf: Orc:2

Altars:
Cheibriados
Gozag
Hepliaklqana
Kikubaaqudgha
Makhleb
Okawaru
Qazlal
Sif Muna
Trog
Uskayaw
Vehumet
Xom
Yredelemnul

Shops:
D:4 *   D:11 (   Orc:1 (   Orc:2 :

Annotations:
D:1 T29.0 : am of mreg
Orc:2 Saint Roka


Innate Abilities, Weirdness & Mutations

You are resistant to damage.
You can heal yourself by infusing magical energy.
You passively map the area around you.
You do not regenerate.


Message History

The mass of ice explodes!
The iceblast engulfs the orc warrior!
The orc warrior is severely wounded.
The iceblast engulfs the orc warrior!
You kill the orc warrior!
Makhleb accepts your kill.
You feel better.
You hear a shout! x5
Saint Roka invokes the aid of Beogh against something.
Beogh smites you!
* * * LOW HITPOINT WARNING * * *
You take 5 damage, and have 22/88 hp.
Evoke which item? (* to show all) (? for menu, Esc to quit)
Aiming: Iceblast
Press: ? - help, Shift-Dir - straight line, f - orc warrior
Aim: an orc warrior, wielding a +0 war axe and wearing a +0 plate armour (severely wounded, strong)
The mass of ice explodes!
The iceblast engulfs the orc warrior!
You kill the orc warrior!
Makhleb accepts your kill.
You feel better.
You hear a shout!
You regained 7 hp, and now have 29/88 hp.
Casting: Lee's Rapid Deconstruction (dangerous; 1% risk of failure)
Confirm with . or Enter, or press ? or * to list all spells.
Aiming: Stone Arrow (dangerous; 4% risk of failure)
Press: ? - help, Shift-Dir - straight line, f - orc warrior
Aim: an orc warrior, wielding a +0 war axe and wearing a +0 chain mail (strong)
The stone arrow hits the orc warrior!
The orc warrior is heavily wounded.
An orc comes into view. It is wielding a +0 mace.
You now have 3/26 mp.
Evoke which item? (* to show all) (? for menu, Esc to quit)
Okay, then.
Okay, then.
Okay, then.
Casting: Stone Arrow (dangerous; 4% risk of failure)
Confirm with . or Enter, or press ? or * to list all spells.
Aiming: Stone Arrow (dangerous; 4% risk of failure)
Press: ? - help, Shift-Dir - straight line, f/p - orc warrior
Aim: an orc warrior, wielding a +0 war axe and wearing a +0 chain mail (heavily wounded)
Okay, then.
Casting: Stone Arrow (dangerous; 4% risk of failure)
Confirm with . or Enter, or press ? or * to list all spells.
Aiming: Sandblast (safe; 1% risk of failure)
Press: ? - help, Shift-Dir - straight line, f/p - orc warrior
Aim: an orc warrior, wielding a +0 war axe and wearing a +0 chain mail (heavily wounded)
The blast of sand hits the orc warrior!!
You kill the orc warrior!
Makhleb accepts your kill.
You feel better.
b - 31 stones You regained 5 hp, and now have 34/88 hp.
You now have 3/26 mp.
Casting: Sandblast (safe; 1% risk of failure)
Confirm with . or Enter, or press ? or * to list all spells.
You can't see any susceptible monsters within range! (Use Z to cast anyway.)
You see here a warg skeleton.
Saint Roka roars a battlecry!
The orc goes into a battle-frenzy!
Saint Roka calls down the wrath of Beogh upon you.
Beogh smites you!
* * * LOW HITPOINT WARNING * * *
You take 11 damage, and have 23/88 hp.
There is an open door here.
Casting: Sandblast (safe; 1% risk of failure)
Confirm with . or Enter, or press ? or * to list all spells.
Aiming: Stone Arrow (dangerous; 4% risk of failure)
Press: ? - help, Shift-Dir - straight line, f - orc
Aim: an orc, wielding a +0 mace and wearing a +0 leather armour (strong)
The stone arrow hits the orc!
You kill the orc!
Makhleb accepts your kill.
You feel better.
You now have 7/26 mp.
There is a stone staircase leading up here.
You climb upwards.
There is a stone staircase leading down here.
There is a stone staircase leading down here.
You climb downwards.
Level annotation: Saint Roka
There is a stone staircase leading up here.
Things that are here:
a +0 mace; a +0 war axe You see here a +0 club.
There is an open door here.
Things that are here:
2 boomerangs; a +0 club You open the door.
MP restored: 26
There is an open door here.
You open the door.
An orc knight, an orc sorcerer and an ettin come into view.
The orc knight shouts!
The orc sorcerer gestures at you while chanting.
You suddenly lose the ability to move!
Found Gared's Book Emporium.
The orc knight roars a battlecry!
The orc sorcerer goes into a battle-frenzy!
The ettin hits you but does no damage.
The ettin hits you with a +0 great mace!!!
You die...

* ##### ∩, #..∩# ,,,* * *
* #.o.# #*+ ,* ≈ , ,, , ,,
.o. .# ≈ , * ,,
##+###C##.# ,* *
,+.....@...+ _ *
############'### , ###
#...###..#.....# , ,* * *
≈≈#####.......#.....# * *
,* ≈≈≈ #.........([.⌠..# *
,, ≈≈###..)......#[....# ,
≈≈P♣.)[[......#.....# * ,
≈.............############
, ,
..♣.................##)).#
*


You could see an orc knight, an ettin and an orc sorcerer (strong).

Vanquished Creatures
  A hydra (D:12)
  5 two-headed ogres
  A deep elf mage (D:12)
  2 ugly things
  2 cyclopes
  4 slime creatures (D:12)
  Joseph (D:7)
  A gargoyle (D:8)
  A kobold demonologist (D:12)
  7 trolls
  3 hippogriffs
  A vampire (D:12)
  A wyvern (D:11)
  10 yaks
  Edmund (D:4)
  4 wargs
  A water moccasin (D:8)
  4 ice beasts
  31 orc warriors
  8 sky beasts
  A black bear (D:8)
  An eye of draining (D:9)
  2 phantoms
  15 ogres
  3 wolves (D:8)
  7 centaurs
  A big kobold (D:10)
  11 bullfrogs
  A gnoll sergeant (D:9)
  A wyvern zombie (D:10)
  2 scorpions
  4 killer bees (D:7)
  4 electric eels (D:8)
  7 wights (D:12)
  5 howler monkeys (D:10)
  5 crimson imps
  3 centaur zombies
  A bullfrog zombie (D:6)
  4 centaur skeletons
  12 orc priests
  6 hounds
  3 bullfrog skeletons
  2 iguanas
  Natasha (thrice) (D:4)
  13 orc wizards
  15 worker ants
  A hound zombie (D:5)
  A worker ant zombie (D:7)
  11 gnolls
  11 adders
  2 shadow imps (D:9)
  3 white imps
  An ufetubus (D:10)
  5 oozes
  3 adder skeletons
  An adder zombie (D:5)
  3 dart slugs
  2 leopard geckos
  98 orcs
  A ball python (D:2)
  10 bats
  2 giant cockroaches
  8 goblins
  2 hobgoblins
  12 jackals
  2 quokkas
  A ball python skeleton (D:4)
  5 frilled lizards
  11 kobolds
  A leopard gecko skeleton (D:8)
  A quokka zombie (D:8)
  10 rats
429 creatures vanquished.

Vanquished Creatures (others)
  A human (D:6)
1 creature vanquished.

Grand Total: 430 creatures vanquished

Notes
Turn   | Place    | Note
-------+----------+-------------------------------------------
     0 | D:1      | Irenicus the Deep Dwarf Earth Elementalist began the quest
                  | for the Orb.
     0 | D:1      | Reached XP level 1. HP: 15/15 MP: 3/3
   111 | D:1      | Reached XP level 2. HP: 22/22 MP: 2/4
   216 | D:1      | Reached skill level 5 in Earth Magic
   270 | D:1      | Learned a level 2 spell: Passwall
   418 | D:2      | Reached XP level 3. HP: 28/28 MP: 1/5
   540 | D:2      | Reached skill level 6 in Earth Magic
   548 | D:2      | Found a hide-covered altar of Uskayaw.
   559 | D:2      | Reached XP level 4. HP: 33/36 MP: 3/6
   667 | D:2      | Found a basalt altar of Yredelemnul.
   712 | D:3      | Found an iron altar of Okawaru.
   787 | D:3      | Reached skill level 1 in Transmutations
   897 | D:3      | Reached skill level 7 in Earth Magic
   975 | D:3      | Reached XP level 5. HP: 34/42 MP: 5/7
   978 | D:3      | Reached skill level 2 in Transmutations
  1203 | D:3      | Irenicus: ?? turn
  1203 | D:3      | beem: turn[1/1]: different arbitrary unit of not-time
  1351 | D:4      | Found a burning altar of Makhleb.
  1356 | D:4      | Became a worshipper of Makhleb the Destroyer
  1368 | D:4      | Noticed Edmund
  1374 | D:4      | Reached skill level 8 in Earth Magic
  1395 | D:4      | Killed Edmund
  1395 | D:4      | Reached skill level 9 in Earth Magic
  1395 | D:4      | Reached XP level 6. HP: 27/49 MP: 0/8
  1441 | D:4      | Noticed Natasha
  1451 | D:4      | Killed Natasha
  1532 | D:4      | Noticed Natasha
  1535 | D:4      | Killed Natasha
  1538 | D:4      | Found a hazy altar of Hepliaklqana.
  1573 | D:4      | Found Ereidowk's Assorted Antiques.
  1582 | D:4      | Reached skill level 10 in Earth Magic
  1582 | D:4      | Reached XP level 7. HP: 30/55 MP: 7/9
  1584 | D:4      | Bought a scroll labeled ILOTWUKLOE for 21 gold pieces
  1584 | D:4      | Bought a ruby potion for 18 gold pieces
  1586 | D:4      | Noticed Natasha
  1639 | D:4      | Killed Natasha
  1695 | D:4      | Found a shimmering altar of Xom.
  1715 | D:5      | Entered Level 5 of the Dungeon
  1720 | D:5      | Found a staircase to the Ecumenical Temple.
  1747 | D:5      | Got a steaming quarterstaff
  1748 | D:5      | Identified the cursed +1 quarterstaff of the Owl {vorpal,
                  | *Noise rElec rF+ rN+++} (You found it on level 5 of the
                  | Dungeon)
  1766 | D:5      | Reached skill level 11 in Earth Magic
  1775 | D:5      | HP: 11/55 [orc warrior/+0 halberd (4)]
  1780 | D:5      | HP: 2/55 [orc warrior/+0 halberd (16)]
  1791 | D:5      | Reached * piety under Makhleb
  1893 | D:5      | Reached skill level 12 in Earth Magic
  1893 | D:5      | Reached XP level 8. HP: 36/62 MP: 3/9
  2036 | D:6      | Reached skill level 13 in Earth Magic
  2151 | D:6      | Reached skill level 14 in Earth Magic
  2156 | D:6      | Learned a level 3 spell: Stone Arrow
  2171 | D:6      | Reached skill level 2 in Spellcasting
  2228 | D:6      | Found a shimmering blue altar of Sif Muna.
  2239 | D:6      | Reached ** piety under Makhleb
  2239 | D:6      | Reached skill level 3 in Spellcasting
  2239 | D:6      | Gained mutation: You passively map the area around you.
                  | [Deep Dwarf growth]
  2239 | D:6      | Reached XP level 9. HP: 68/68 MP: 0/12
  2299 | D:6      | Found an ancient bone altar of Kikubaaqudgha.
  2360 | D:6      | Got a twisted short sword
  2362 | D:6      | Identified the +10 short sword of Riefie {freeze, rElec rC-
                  | Str+6} (You found it on level 6 of the Dungeon)
  2411 | D:7      | Reached skill level 4 in Spellcasting
  2448 | D:7      | Found a radiant altar of Vehumet.
  2531 | D:7      | Learned a level 5 spell: Lee's Rapid Deconstruction
  2710 | D:7      | Noticed Joseph
  2717 | D:7      | Killed Joseph
  2717 | D:7      | Reached skill level 5 in Spellcasting
  2821 | D:8      | Identified the +1 chain mail of the Old World {Int+5} (You
                  | found it on level 8 of the Dungeon)
  2867 | D:8      | Reached skill level 1 in Armour
  2870 | D:8      | Reached skill level 6 in Spellcasting
  2890 | D:8      | Reached skill level 2 in Armour
  2890 | D:8      | Noticed a gargoyle
  2898 | D:8      | Killed a gargoyle
  2898 | D:8      | Reached skill level 3 in Armour
  2903 | D:8      | Reached skill level 4 in Armour
  2935 | D:8      | Reached XP level 10. HP: 75/75 MP: 1/19
  2940 | D:8      | Found a staircase to the Lair.
  2952 | D:8      | Reached *** piety under Makhleb
  2952 | D:8      | Reached skill level 7 in Spellcasting
  2967 | D:8      | Reached skill level 5 in Armour
  3238 | D:8      | Found an opulent altar of Gozag.
  3431 | D:8      | Reached skill level 6 in Armour
  3711 | D:9      | Reached skill level 8 in Spellcasting
  3715 | D:9      | Reached skill level 7 in Armour
  3794 | D:9      | Found a shimmering altar of Xom.
  3798 | D:9      | Found a bloodstained altar of Trog.
  3798 | D:9      | Found a snail-covered altar of Cheibriados.
  3798 | D:9      | Found a stormy altar of Qazlal.
  3843 | D:9      | Reached **** piety under Makhleb
  4046 | D:9      | Found Eratz's Antique Weapon Boutique.
  4073 | D:10     | Entered Level 10 of the Dungeon
  4286 | D:10     | Reached skill level 8 in Armour
  4375 | D:10     | Reached XP level 11. HP: 81/81 MP: 1/22
  4382 | D:10     | Reached skill level 9 in Spellcasting
  4549 | D:11     | Reached skill level 1 in Conjurations
  4576 | D:11     | Reached ***** piety under Makhleb
  4598 | D:11     | Identified the cursed +1 spear of Blood-Lust {vorpal, MR+}
                  | (You found it on level 11 of the Dungeon)
  4621 | D:11     | Reached skill level 2 in Conjurations
  4628 | D:11     | Noticed a white ugly thing
  4637 | D:11     | Killed a white ugly thing
  4653 | D:11     | Found a bloodstained altar of Trog.
  4663 | D:11     | Noticed a two-headed ogre
  4690 | D:11     | Killed a two-headed ogre
  4819 | D:11     | Noticed a two-headed ogre
  4827 | D:11     | Killed a two-headed ogre
  4827 | D:11     | Reached skill level 10 in Spellcasting
  4827 | D:11     | Reached skill level 15 in Earth Magic
  4896 | D:11     | Found Neizuyczu's Antique Weapon Boutique.
  4997 | D:12     | Noticed a sixfirhy
  5222 | D:12     | Noticed a white ugly thing
  5229 | D:12     | Killed a white ugly thing
  5310 | D:12     | Found a staircase to the Orcish Mines.
  5469 | D:12     | Reached XP level 12. HP: 88/88 MP: 8/25
  5587 | D:12     | Noticed a seven-headed hydra
  5595 | D:12     | Killed a seven-headed hydra
  5595 | D:12     | Reached skill level 16 in Earth Magic
  5608 | D:12     | Noticed a two-headed ogre
  5616 | D:12     | Killed a two-headed ogre
  5644 | D:12     | Learned a level 4 spell: Petrify
  5645 | Orc:1    | Entered Level 1 of the Orcish Mines
  5685 | Orc:1    | Reached skill level 11 in Spellcasting
  5788 | Orc:1    | Noticed a two-headed ogre
  5791 | Orc:1    | Killed a two-headed ogre
  5892 | Orc:1    | Found Pooliakka's Antique Weapon Boutique.
  5989 | Orc:2    | Entered Level 2 of the Orcish Mines
  6051 | Orc:2    | Noticed a two-headed ogre
  6059 | Orc:2    | Killed a two-headed ogre
  6116 | Orc:2    | Reached ****** piety under Makhleb
  6171 | Orc:2    | Reached skill level 17 in Earth Magic
  6542 | Orc:2    | Noticed Saint Roka
  6555 | Orc:2    | HP: 22/88 [Saint Roka/divine providence (10)]
  6620 | Orc:2    | Found Gared's Book Emporium.
  6620 | Orc:2    | Noticed an ettin
  6620 | Orc:2    | Paralysed by an orc sorcerer for 3 turns
  6622 | Orc:2    | Demolished by an ettin

Illustrated notes

Levels and vault maps discovered:
D:1:      ncdulo_halloftheorcs, layout_rooms, grunt_decor_arrowhead,
          kennysheep_pointless_box
D:2:      layout_basic, lemuel_doored_altar, lemuel_crystal_altar,
          grunt_decor_one_mirror, kennysheep_nub
D:3:      layout_basic, lemuel_round_altar, minmay_close_crescents
D:4:      layout_rooms, old_standard_altar, lemuel_crystal_altar, serial_shops,
          nicolae_shop_trees, led_xom_imps, uniq_natasha, uniq_edmund
D:5:      layout_cave_pools, temple_fountains
D:6:      layout_basic, kennysheep_little_box, tgw_kikubaaqudgha
D:7:      layout_loops_ring, fiery_altar_vehumet, uniq_joseph
D:8:      layout_loops_ring, nicolae_gozag_cash_rules_everything_around_me,
          erik_lair_island
D:9:      layout_layer_cave, grunt_temple_overflow_open, serial_shops, shop
D:10:     layout_roguey
D:11:     layout_gridville, serial_shops, shop, bloody_trog
D:12:     layout_gridville, orc_0_dummy, minmay_fire_ice_demons
Orc:1:    layout_diamond_mine, serial_shops, shop
Orc:2:    pubby_orc_utopia

Skill      XL: |  1  2  3  4  5  6  7  8  9 10 11 12 |
---------------+-------------------------------------+-----
Earth Magic    | 5 6 7 9 10 12 14 15 17 | 17.4
Transmutations | 1 2 |  2.2
Spellcasting   | 3 6 8 10 11 | 11.8
Armour         | 4 8 |  8.7
Conjurations   | 2 |  2.0
Dodging        | |  2.1
Stealth        | |  2.4

Action                   |  1- 3 |  4- 6 |  7- 9 | 10-12 || total
-------------------------+-------+-------+-------+-------++-------
Melee: Dagger            |     5 |       |       |       ||     5
       Quarterstaff      |       |       |    18 |   129 ||   147
 Cast: Sandblast         |    47 |    68 |   120 |   154 ||   389
       Passwall          |     4 |    30 |    18 |    51 ||   103
       Stone Arrow       |       |       |    33 |   223 ||   256
       Lee's Rapid Decon |       |       |     4 |    34 ||    38
 Abil: Heal Wounds       |       |       |     1 |       ||     1
Evoke: Wand              |       |       |       |     4 ||     4
  Use: Scroll            |       |     7 |     7 |     8 ||    22
       Potion            |       |     1 |     4 |     1 ||     6
 Stab: Sleeping          |     1 |       |       |       ||     1
Armor: Robe              |     6 |       |       |       ||     6
       Leather armour    |     2 |     3 |       |       ||     5
       Ring mail         |       |     7 |    21 |       ||    28
       Chain mail        |       |       |    25 |   223 ||   248
Dodge: Dodged            |    15 |    13 |    78 |   228 ||   334

Table legend: (Time is in decaauts)
 A = Elapsed time spent in this place.
 B = Non-inter-level travel time spent in this place.
 C = Inter-level travel time spent in this place.
 D = Time resting spent in this place.
 E = Time spent auto-exploring this place.
 F = Levels seen in this place.
 G = Mean time per level.
                   A        B        C        D        E       F      G
               +--------+--------+--------+--------+--------+-----+--------+
         Total |   6660 |   6654 |      6 |      0 |      0 |  14 |  475.7 |
       Dungeon |   5660 |   5654 |      6 |      0 |      0 |  12 |  471.7 |
  Orcish Mines |   1000 |   1000 |      0 |      0 |      0 |   2 |  500.0 |
               +--------+--------+--------+--------+--------+-----+--------+

Top non-repeatable levels by time:
    D:12: 664 daAuts
     D:8: 649 daAuts
   Orc:2: 648 daAuts
     D:9: 614 daAuts
     D:3: 587 daAuts
    D:11: 485 daAuts
    D:10: 431 daAuts
     D:4: 416 daAuts
     D:7: 412 daAuts
     D:1: 395 daAuts
     D:6: 375 daAuts
   Orc:1: 351 daAuts
     D:5: 316 daAuts
     D:2: 310 daAuts

Table legend:
 A = Kills in this place as a percentage of kills in entire the game.
 B = Kills by you in this place as a percentage of kills by you in the entire game.
 C = Kills by friends in this place as a percentage of kills by friends in the entire game.
 D = Other kills in this place as a percentage of other kills in the entire game.
 E = Experience gained in this place as a percentage of experience gained in the entire game.
 F = Experience gained in this place divided by the number of levels of this place that you have seen.
                   A       B       C       D       E      F
               +-------+-------+-------+-------+-------+----------------------
         Total | 100.0 | 100.0 |   N/A |   N/A | 100.0 | 2416.5
       Dungeon |  72.7 |  72.7 |   N/A |   N/A |  74.1 | 2088.4
  Orcish Mines |  27.3 |  27.3 |   N/A |   N/A |  25.9 | 4385.0
               +-------+-------+-------+-------+-------+----------------------
